 Dungeon Crawl Stone Soup version 0.17-a0-1719-g1afd5a1 (webtiles) character file.

44 kosy22 the Covered (level 3, 0/29 HPs)
             Began as a Formicid Fighter on Aug 28, 2015.
             Succumbed to an adder's poison
             ... on level 2 of the Dungeon.
             The game lasted 00:05:53 (1517 turns).

kosy22 the Covered (Formicid Fighter)               Turns: 1517, Time: 00:05:54

Health: 0/29       AC:  7    Str: 21    XL:     3   Next: 87%
Magic:  3/3        EV:  8    Int:  7    God:
Gold:   58         SH:  9    Dex: 10    Spells: 0 memorised, 2 levels left

rFire  . . .     SeeInvis +     a - +0 rapier
rCold  . . .     Clarity  .     b - +0 scale mail
rNeg   . . .     SustAt   .     c - +0 shield
rPois  .         Gourm    .     (helmet unavailable)
rElec  .         Spirit   .     (no cloak)
rCorr  .         Warding  .     (no gloves)
rMut   .         Stasis   +     (no boots)
MR     .....                    (no amulet)
Stlth  ..........               (no ring)
                                (no ring)

@: lethally poisoned (0 -> -6), not resistant to hostile enchantments, extremely
unstealthy
A: permanent stasis, dig shafts and tunnels, four strong arms, antennae 3
a: Dig, Shaft Self


You were on level 2 of the Dungeon.
You were not hungry.

You visited 1 branch of the dungeon, and saw 2 of its levels.

You collected 58 gold pieces.

Inventory:

Hand weapons
 a - a +0 rapier (weapon)
Armour
 b - a +0 scale mail (worn)
 c - a +0 shield (worn)
Jewellery
 h - an uncursed amulet of regeneration {unknown}
Scrolls
 f - a scroll of immolation {unknown}
 i - a scroll of random uselessness {unknown}
 n - a scroll of identify {unknown}
Potions
 d - a potion of might
 g - a potion of degeneration {unknown}
 j - a potion of curing {unknown}
 l - a potion of cure mutation {unknown}
Comestibles
 e - 2 bread rations
 k - a beef jerky
 m - a fruit


   Skills:
 + Level 3.5 Fighting
 + Level 2.2 Short Blades
 * Level 4.1 Armour
 * Level 0.6 Dodging
 * Level 3.9 Shields


You had 2 spell levels left.
You didn't know any spells.

Dungeon Overview and Level Annotations

Branches:
Dungeon (2/15)

Altars:
Ashenzari


Innate Abilities, Weirdness & Mutations

You are under a permanent stasis effect.
You can dig through walls and to a lower floor.
Your four strong arms can wield two-handed weapons with a shield.
You have a pair of large antennae on your head (SInv).


Message History

* * * LOW HITPOINT WARNING * * *
You block the rat's attack. The adder bites you.
* * * LOW HITPOINT WARNING * * *
You hit the adder but do no damage.
The adder is severely wounded.
* * * LOW HITPOINT WARNING * * *
You feel sick. The bat hits you but does no damage.
You block the adder's attack. The rat barely misses you.
You hit the adder but do no damage.
The adder is severely wounded.
* * * LOW HITPOINT WARNING * * *
You feel sick. The bat hits you but does no damage.
The adder barely misses you. The bat hits you.
* * * LOW HITPOINT WARNING * * *
The rat bites you.
* * * LOW HITPOINT WARNING * * *
You hit the adder.
You kill the adder!
You block the bat's attack. You block the rat's attack.
You die...

.... #...8.8.. ?..
..8._.8. ##.##
##+..8.8.. ######...#
##{r...8%.. ........#
##{......... #.#....#
##........#
#....b####.........###
#..†@...'...†...†.'..
#...r####......$..###
#......## ##.......##
####.### ##.....## #.
##...## #. ##+## #. .#
#


You could see a bat and a rat.

Vanquished Creatures
  2 adders (D:2)
  An ooze (D:1)
  2 worms
  A giant gecko (D:1)
  2 hobgoblins (D:1)
  2 bats
  2 giant newts
  5 goblins
  2 rats
19 creatures vanquished.

Notes
Turn   | Place    | Note
--------------------------------------------------------------
     0 | D:1      | kosy22 the Formicid Fighter began the quest for the Orb.
     0 | D:1      | Reached XP level 1. HP: 18/18 MP: 1/1
   315 | D:1      | Found a shattered altar of Ashenzari.
   527 | D:1      | Reached XP level 2. HP: 17/24 MP: 2/2
  1230 | D:2      | Reached skill level 4 in Armour
  1230 | D:2      | Reached XP level 3. HP: 25/29 MP: 3/3
  1462 | D:2      | Found a faded altar to an unknown god.
  1515 | D:2      | HP: 1/29 [rat (1)]
  1517 | D:2      | Succumbed to an adder's poison

Vault maps used:
D:1:      minmay_arrival_plants_in_alcoves, serial_park_tiny_1,
          hangedman_decor_diamond_cutter, nicolae_ashenzari_panopticon
D:2:      cheibriados_altar_1, grunt_temple_overflow_open, first_bread,
          ecumenical_altar_2, guppyfry_early_lair_pool

Action                   || total
-------------------------++-------
Melee: Rapier            ||   101
  Eat: Fruit             ||     2
